Map: [ESL] Inside and Out

Players

uThermal

  • Race: Terran Terran
  • Spawn Location: 1:00

Neeb - Winner!

  • Race: Protoss Protoss
  • Spawn Location: 7:00

Event: DreamHack SC2 Masters 2022 Valencia

VOD

Have the link to the VOD?

Description

Time

  • Played on: July 1, 2022, 2:05 p.m.
  • Length: 6:07

All games in this series

Show
View Real Time Build Order
Export as new Build Order

uThermal Terran 

Build Orders: Cyclone Opening 

Get SALT Encoding   

  12  0:00  SCV  
  13  0:12  SCV  
  14  0:17  Supply Depot  
  14  0:24  SCV  
  15  0:38  SCV  
  15  0:40  Barracks  
  16  0:44  Refinery  
  16  0:50  SCV  
  16  0:54  Refinery  
  17  1:02  SCV  
  18  1:14  SCV  
  19  1:27  Orbital Command, Reaper  
  19  1:30  Supply Depot  
  20  1:42  Factory  
  20  1:53  SCV  
  21  2:06  SCV  
  22  2:15  Barracks Reactor  
  22  2:18  SCV  
  23  2:26  Command Center  
  23  2:28  Factory Tech Lab  
  23  2:31  SCV  
  25  2:44  SCV  
  25  2:47  Starport  
  25  2:50  Cyclone  
  28  2:54  Marine  
  28  2:55  Marine  
  30  3:01  Supply Depot  
  30  3:04  SCV  
  31  3:22  SCV  
  31  3:23  Siege Tank  
  34  3:32  Marine  
  35  3:34  Viking, Refinery, SCV  
  38  3:41  Viking  
  38  3:46  SCV  
  41  3:50  Marine  
  41  3:55  Orbital Command  
  42  4:01  Siege Tank  
  45  4:09  Viking  
  47  4:10  Marine  
  48  4:19  Viking  
  50  4:25  Supply Depot  
  50  4:29  Marine  
  51  4:34  Siege Tank  
  54  4:41  Supply Depot  
  54  4:46  Viking  
  54  4:47  Marine  
  54  4:52  Viking  
  59  4:56  SCV  
  61  5:03  Supply Depot  
  61  5:05  Marine  
  61  5:09  Siege Tank  
  64  5:19  Supply Depot  
  64  5:23  Viking, Marine  
  67  5:32  Viking  
  69  5:37  SCV  
  69  5:40  Marine  
Show
View Real Time Build Order
Export as new Build Order

Neeb Protoss - Winner!

Build Orders: 1 Gate Expand, Phoenix Opening 

Get SALT Encoding   

  12  0:00  Probe  
  13  0:12  Probe  
  14  0:16  Pylon  
  14  0:24  Probe (Chrono Boost)  
  16  0:36  Probe (Chrono Boost), Gateway  
  16  0:43  Probe (Chrono Boost)  
  16  0:46  Assimilator  
  17  0:50  Probe  
  18  1:03  Probe  
  19  1:15  Probe  
  20  1:22  Cybernetics Core  
  20  1:33  Nexus  
  20  1:38  Zealot (Chrono Boost)  
  22  1:44  Pylon  
  22  1:48  Probe  
  22  1:52  Assimilator  
  23  2:02  Stalker (Chrono Boost), Probe  
  25  2:14  Probe  
  26  2:22  Stalker (Chrono Boost)  
  26  2:26  Probe  
  29  2:38  Probe  
  29  2:42  Stargate  
  30  2:45  Adept  
  30  2:50  Probe x2  
  34  3:01  Warp Gate  
  34  3:02  Pylon, Probe  
  34  3:03  Probe  
  36  3:14  Probe  
  36  3:15  Probe  
  36  3:16  Adept  
  40  3:25  Phoenix (Chrono Boost)  
  40  3:26  Probe  
  43  3:27  Probe  
  43  3:30  Shield Battery  
  44  3:34  Gateway  
  44  3:38  Probe  
  44  3:39  Probe  
  46  3:44  Phoenix (Chrono Boost)  
  48  3:50  Probe  
  48  3:51  Probe  
  48  3:55  Pylon  
  50  4:02  Probe  
  51  4:03  Probe  
  51  4:08  Phoenix (Chrono Boost)  
  54  4:14  Probe  
  54  4:15  Gateway  
  55  4:18  Pylon  
  55  4:19  Probe  
  56  4:24  Phoenix (Chrono Boost)  
  56  4:26  Probe  
  59  4:35  Assimilator  
  59  4:37  Pylon  
  59  4:38  Pylon  
  59  4:42  Phoenix (Chrono Boost), Shield Battery  
  61  4:47  Probe  
  61  4:49  Stalker  
  64  4:52  Stalker  
  64  4:55  Pylon  
  66  5:00  Assimilator  
  66  5:08  Phoenix (Chrono Boost)  
  66  5:12  Adept  
  70  5:15  Probe x2  
  70  5:17  Pylon  
  70  5:18  Zealot  
  70  5:19  Stalker  
  76  5:23  Pylon  
  76  5:27  Probe x2  
  78  5:31  Phoenix (Chrono Boost)  
  80  5:38  Shield Battery  
  80  5:42  Adept x2  
  84  5:44  Zealot  

Tags
 
Add a new tag
Caveats
  • Supply blocks, unpowered buildings, or Contaminate may cause inaccurate times.
  • Supply counts are checked every 10 seconds.